 Seeded DCSS version 0.30.0-3-ga4e48a9924 (webtiles) character file.

Game seed: 1779060243905392848 (custom seed)

2662 hikkokomori the Trooper (level 9, -4/79 HPs)
             Began as a Demigod Fighter on May 7, 2023.
             Slain by an orc warlord
             ... wielding a +3 battleaxe
              (23 damage)
             ... in a bailey.
             The game lasted 00:14:39 (6286 turns).

hikkokomori the Trooper (Demigod Fighter)           Turns: 6286, Time: 00:14:39

Health: -4/79      AC: 25    Str: 25    XL:     9   Next: 14%
Magic:  11/11      EV:  4    Int: 14    God:
Gold:   383        SH:  5    Dex: 13    Spells: 8/8 levels left

rFire   + . .        B - +5 mace (freeze)
rCold   + . .        c - +0 buckler
rNeg    . . .        D - +9 scales of the Dragon King {rPois rF+ rC+ Will+}
rPois   +            (no helmet)
rElec   .            (no cloak)
rCorr   .            (no gloves)
SInv    +            m - +1 pair of boots
Will    +....        (no amulet) Stlth
                     k - ring of see invisible
HPRegen 0.33/turn    (no ring)
MPRegen 0.12/turn

%: no passive effects
@: mighty
A: high MP 1, forlorn, divine attributes
a: no special abilities


You were in a bailey.
You visited 1 branch of the dungeon, and saw 7 of its levels.
You also visited: Bailey.

You collected 383 gold pieces.

Inventory:

Hand Weapons
 a - a +0 flail
 l - a +0 sling of freezing
 B - a +5 mace of freezing (weapon)
 C - a +0 club
 E - a +0 morningstar
Missiles
 r - 13 boomerangs
 x - 5 poisoned darts (quivered)
Armour
 b - a +0 scale mail
 c - a +0 buckler (worn)
 f - a +0 chain mail
 m - a +1 pair of boots (worn)
 D - the +9 scales of the Dragon King (worn) {rPois rF+ rC+ Will+}
   (You took it off an orc on level 6 of the Dungeon)

   rF:        It protects you from fire.
   rC:        It protects you from cold.
   rPois:     It protects you from poison.
   Will:      It increases your willpower.
Jewellery
 k - a ring of see invisible (left hand)
Wands
 j - a wand of roots (1)
Scrolls
 e - a scroll of silence
 h - a scroll of amnesia
 q - 4 scrolls of fear
 s - a scroll of brand weapon {unknown}
 u - a scroll of enchant armour
Potions
 d - 2 potions of might
 g - 3 potions of flight
 i - a potion of attraction
 n - a potion of curing
 o - a potion of heal wounds
 p - 2 potions of cancellation
 t - 3 potions of brilliance
 z - 3 potions of mutation


   Skills:
 + Level 7.5 Fighting
 + Level 7.1 Maces & Flails
 - Level 2.7 Throwing
 + Level 4.0 Armour
 - Level 5.5 Shields


You had 8 spell levels left.
You didn't know any spells.
Your spell library contained the following spells:

 Spells                   Type           Power      Damage    Failure   Level
 Shock                    Conj/Air       0%         1d3       100%        1
 Swiftness                Air            0%         N/A       100%        3
 Airstrike                Air            0%         2d(0-16)  100%        4
 Blade Hands              Tmut           0%         N/A       100%        5
 Irradiate                Conj/Tmut      0%         3d11      100%        5
 Dragon Form              Tmut           0%         N/A       100%        7
 Chain Lightning          Conj/Air       0%         N/A       100%        9
 Fire Storm               Conj/Fire      0%         5d1       100%        9
 Shatter                  Erth           0%         3d5*      100%        9


Dungeon Overview and Level Annotations

Branches:
Dungeon (7/15)             Temple (0/1) D:6          Bailey (1/1)

Shops:
D:3 [   D:4 :


Innate Abilities, Weirdness & Mutations

You have an increased reservoir of magic. (+10% MP)
You shall have no god before yourself.
Your divine heritage dramatically boosts your attributes as you level up.


Message History

[the floor.] Unknown command.
Unknown command.
Okay, then.
Press: ? - help, v - describe, . - travel
Here: an orc warlord, wielding a +3 battleaxe and wearing a +0 plate armour (fire blocked by a runed translucent door) Some shallow water.
Okay, then.
You feel very mighty all of a sudden.
You open the gate. You sock the orc warlord! You freeze the orc warlord.
The orc warlord is lightly wounded.
The orc warlord hits you with a +3 battleaxe.
You hit the orc warlord. You freeze the orc warlord.
The orc warlord is lightly wounded.
The orc warlord hits you with a +3 battleaxe!
You sock the orc warlord! You freeze the orc warlord.
The orc warlord is moderately wounded.
The orc warlord hits you with a +3 battleaxe!!
You hit the orc warlord. You freeze the orc warlord.
The orc warlord is moderately wounded.
You block the orc warlord's attack.
You hit the orc warlord. You freeze the orc warlord.
The orc warlord is moderately wounded.
The orc warlord hits you with a +3 battleaxe!
You closely miss the orc warlord.
The orc warlord is moderately wounded.
The orc warlord completely misses you.
You hit the orc warlord but do no damage.
The orc warlord is moderately wounded.
The orc warlord hits you with a +3 battleaxe!
* * * LOW HITPOINT WARNING * * *
You hit the orc warlord. You freeze the orc warlord.
The orc warlord is moderately wounded.
The orc warlord hits you with a +3 battleaxe.
* * * LOW HITPOINT WARNING * * *
You barely miss the orc warlord.
The orc warlord is moderately wounded.
The orc warlord hits you with a +3 battleaxe!!
You die...

##..8..8...#~~~~~#...).
#..........#~~~~~#.....
#..........'.....'....8
#...8......#########...
##......#### ~~#~~~##.)
##.)...#~~#~.....)~#..
##....#~........!~#..
#...##~8.8...8.8##..
#..@o~~.........#...
#...'~~....∩....#...
#...'~~.........#...
#...##~8.8...8.8##..
##†...#~........?~#..
##.....#~~#~.....:~#..
##......#### ~~#~~~##..
#...8......#########.).
#..........).....))...8


You could see an orc warlord.

Vanquished Creatures
  An orc knight (Bailey)
  2 water moccasins
  3 orc warriors (Bailey)
  4 ogres
  An ice beast (D:6)
  A centaur (D:6)
  A phantom (D:6)
  Blork the orc (D:5)
  3 bullfrogs
  4 wights (D:6)
  3 howler monkeys
  3 jellies (D:6)
  4 hounds
  An orc priest (D:4)
  2 iguanas
  2 orc wizards (D:6)
  3 sleepcaps (D:6)
  4 adders
  6 gnolls
  2 white imps (D:6)
  2 worms (D:4)
  15 orcs
  5 ball pythons
  3 bats
  5 endoplasms
  A giant cockroach (D:3)
  11 hobgoblins
  3 quokkas
  5 frilled lizards
  10 goblins
  16 kobolds
  6 rats
133 creatures vanquished.

Notes
Turn   | Place    | Note
-------+----------+-------------------------------------------
     0 | D:1      | hikkokomori the Demigod Fighter began the quest for the
                  | Orb.
     0 | D:1      | Reached XP level 1. HP: 18/18 MP: 3/3
   762 | D:2      | Reached XP level 2. HP: 25/25 MP: 4/4
  1520 | D:3      | Reached XP level 3. HP: 31/31 MP: 5/5
  1584 | D:3      | Found Maeh's Antique Armour Boutique.
  1927 | D:4      | Found Ydawoarr's Book Boutique.
  2043 | D:4      | Reached XP level 4. HP: 7/38 MP: 6/6
  2257 | D:4      | Noticed an ogre
  2266 | D:4      | Killed an ogre
  2267 | D:4      | Reached XP level 5. HP: 46/46 MP: 7/7
  3131 | D:4      | Noticed an ice beast
  3137 | D:5      | Entered Level 5 of the Dungeon
  3309 | D:5      | Noticed Blork the orc
  3328 | D:5      | Killed Blork the orc
  3329 | D:5      | Reached XP level 6. HP: 15/53 MP: 8/8
  4118 | D:5      | Reached skill level 1 in Throwing
  4337 | D:5      | Reached XP level 7. HP: 60/60 MP: 9/9
  4620 | D:6      | Reached skill level 5 in Fighting
  4627 | D:6      | Reached skill level 5 in Shields
  4655 | D:6      | Found a staircase to the Ecumenical Temple.
  4911 | D:6      | Reached skill level 5 in Maces & Flails
  4917 | D:6      | Reached XP level 8. HP: 60/69 MP: 10/10
  5774 | D:7      | Found a flagged portal.
  5791 | Bailey   | Entered a bailey
  5819 | Bailey   | Noticed an orc warlord
  5972 | Bailey   | Found a runed translucent gate.
  5981 | Bailey   | Noticed an orc knight
  6005 | Bailey   | Killed an orc knight
  6006 | Bailey   | Reached XP level 9. HP: 51/79 MP: 11/11
  6111 | Bailey   | Found a runed translucent gate.
  6112 | Bailey   | Found a runed translucent gate.
  6286 | Bailey   | Slain by an orc warlord

Illustrated notes

Levels and vault maps discovered:
D:1:      minmay_arrival_jagged, layout_loops_ring
D:2:      layout_loops_ring, basic_ecumenical_altar, minmay_pentomino_q2
D:3:      layout_basic, minitemple, serial_shops, shop_statue,
          minmay_randomly_rotated_circles
D:4:      layout_rooms, mainiacjoe_overflow_alcove_1,
          nicolae_tso_swordbearing_angel, serial_shops, shop,
          grunt_decor_one_mirror
D:5:      layout_loops_corners, nicolae_dithmenos_the_darkroom, serial_glass,
          glass_columns_a, glass_columns_b, uniq_blork_the_orc
D:6:      layout_basic, temple_fountains, minmay_ruined_shrine
D:7:      layout_basic, overflow_temple_1_default, enter_bailey_1,
          nicolae_concentric_dashed_squares_mild
Bailey:   bailey_axe_bossmonster_kennysheep, bailey

Skill      XL: |  1  2  3  4  5  6  7  8  9 |
---------------+----------------------------+-----
Maces & Flails | 2 3 4 5 6 7 |  7.1
Fighting       | 3 4 5 7 |  7.5
Shields        | 3 4 5 |  5.5
Throwing       | 1 2 |  2.7
Armour         | 3 4 |  4.0

Action                     |  1- 3 |  4- 6 |  7- 9 || total
---------------------------+-------+-------+-------++-------
  Melee: Flail             |   179 |   118 |    20 ||   317
         Mace              |       |       |   188 ||   188
  Throw: Dart              |       |    14 |     7 ||    21
  Evoke: Wand              |       |       |     6 ||     6
    Use: Scroll            |       |     7 |    13 ||    20
         Potion            |       |     2 |     2 ||     4
 Armour: Scale mail        |   105 |    10 |       ||   115
         Chain mail        |       |    42 |    75 ||   117
         Gold dragon scale |       |       |    61 ||    61
  Dodge: Dodged            |   106 |    38 |    61 ||   205
  Block: Buckler           |    59 |    22 |    61 ||   142
